 Dungeon Crawl Stone Soup version 0.21-a0-515-g8d4ebbe138 (webtiles) character file.

27 JackS81 the Vexing (level 2, -3/20 HPs)
             Began as a Draconian Enchanter on Dec 3, 2017.
             Slain by a gnoll
             ... wielding a +0 spear
              (10 damage)
             ... on level 1 of the Dungeon.
             The game lasted 00:03:16 (830 turns).

JackS81 the Vexing (Draconian Enchanter)             Turns: 830, Time: 00:03:17

Health: -3/20      AC:  4    Str: 10    XL:     2   Next: 93%
Magic:  1/5        EV: 11    Int: 15    God:
Gold:   8          SH:  0    Dex: 11    Spells: 2/5 levels left

rFire    . . .     SeeInvis .   a - +1 dagger
rCold    . . .     Gourm    .   (no shield)
rNeg     . . .     Faith    .   (armour unavailable)
rPois    .         Spirit   .   (helmet restricted)
rElec    .         Reflect  .   (no cloak)
rCorr    .         Harm     .   (no gloves)
MR       .....                  (no boots)
Stlth    ++........             (no amulet)
HPRegen  0.06/turn              (no ring)
MPRegen  0.09/turn              (no ring)

@: very slightly contaminated, heavily drained
A: unfitting armour, cold-blooded, AC +4
a: no special abilities


You were on level 1 of the Dungeon.
You were hungry.

You visited 1 branch of the dungeon, and saw 1 of its levels.

You collected 8 gold pieces.

Inventory:

Hand Weapons
 a - a +1 dagger (weapon)
 d - a +2 dagger of draining
Scrolls
 e - a scroll of magic mapping {unknown}
Books
 b - a book of Maledictions

   Spells                             Type                      Level
   a - Corona                         Hexes                        1
   b - Ensorcelled Hibernation        Hexes/Ice                    2
   c - Confuse                        Hexes                        3
   d - Tukima's Dance                 Hexes                        3
   e - Dazzling Spray                 Conjuration/Hexes            3
Comestibles
 c - a bread ration
 f - 5 chunks of flesh


   Skills:
 * Level 1.6(0.4) Short Blades
 * Level 2.0(0.8) Dodging
 + Level 2.9(1.6) Stealth
 - Level 2.0(0.7) Spellcasting
 * Level 3.2(1.9) Hexes


You had 2 spell levels left.
You knew the following spells:

 Your Spells              Type           Power        Failure   Level  Hunger
a - Corona                Hex            #......      11%         1    ##.....
b - Ensorcelled Hibernat  Hex/Ice        #.....       26%         2    ###....


Dungeon Overview and Level Annotations

Branches:
Dungeon (1/15)

Altars:


Innate Abilities, Weirdness & Mutations

Your plain brown scales are hard. (AC +4)
You cannot fit into any form of body armour.
You are cold-blooded and may be slowed by cold attacks.


Message History

Confirm with . or Enter, or press ? or * to list all spells.
Aiming: Ensorcelled Hibernation
Press: ? - help, Shift-Dir - straight line, f - gnoll
Aim: a gnoll, wielding a spear (heavily wounded, chance to defeat MR: 44%)
The gnoll resists with some effort.
You are feeling hungry.
The gnoll barely misses you.
Casting: Ensorcelled Hibernation
Confirm with . or Enter, or press ? or * to list all spells.
Aiming: Ensorcelled Hibernation
Press: ? - help, Shift-Dir - straight line, f/p - gnoll
Aim: a gnoll, wielding a spear (heavily wounded, chance to defeat MR: 44%)
You miscast Ensorcelled Hibernation.
You are very lightly contaminated with residual magic.
You feel a bit tired. The gnoll misses you.
You closely miss the gnoll.
The gnoll is heavily wounded.
The gnoll hits you with a spear!
Ouch! That really hurt!
You die...

########
#......# #
#......# ..
#......# ...
#...g..# ....
#...@..#
.....#......#
............#
....#......#
... #......#
. #......#
#####..# ##.#
#.#


You could see a gnoll.

Vanquished Creatures
  4 dart slugs (D:1)
  4 bats (D:1)
  A giant cockroach (D:1)
  A hobgoblin (D:1)
  2 jackals (D:1)
  2 kobolds (D:1)
  6 rats (D:1)
20 creatures vanquished.

Notes
Turn   | Place    | Note
-------+----------+-------------------------------------------
     0 | D:1      | JackS81 the Draconian Enchanter began the quest for the Orb.
     0 | D:1      | Reached XP level 1. HP: 14/14 MP: 3/3
    35 | D:1      | Reached skill level 3 in Hexes
    36 | D:1      | Reached XP level 2. HP: 9/20 MP: 1/5
   233 | D:1      | Learned a level 2 spell: Ensorcelled Hibernation
   830 | D:1      | Slain by a gnoll

Vault maps used:
D:1:      dpeg_arrival_houses_and_road, serial_curves, eino_curves_04,
          eino_curves_02, serial_bayou_pond_a

Skill      XL: |  1  2 |
---------------+-------+-----
Hexes          | 3 |  3.2
Dodging        | 2 |  2.0
Short Blades   | |  1.6
Stealth        | |  2.9
Spellcasting   | |  2.0

Action                   || total
-------------------------++-------
Melee: Dagger            ||    63
       Tailslap          ||     8
 Cast: Corona            ||     3
       Ensorcelled Hiber ||     6
 Stab: Sleeping          ||     5
Armor: Skin              ||    19
Dodge: Dodged            ||    35

Table legend:
 A = Spawn XP
 B = Non-spawn XP
 C = Spawn XP percentage of total XP
 D = Spawn monster count
 E = Non-spawn monster count
 F = Spawn count percentage of total count
 G = Total turns spent on level
                    A         B        C        D         E        F      G
               +---------+---------+-------+---------+---------+-------+---------
         Total |       0 |      39 |   0.0 |       0 |      20 |   0.0 |   830
               +---------+---------+-------+---------+---------+-------+---------
           D:1 |       0 |      39 |   0.0 |       0 |      20 |   0.0 |   830
               +---------+---------+-------+---------+---------+-------+---------
